 Dungeon Crawl Stone Soup version 0.22.1-2-g9c5b331 (webtiles) character file.

623 Heatsaber the Magician (level 7, -7/36 HPs)
             Began as a Vine Stalker Ice Elementalist on Dec 22, 2018.
             Mangled by an ogre
             ... wielding a cursed -1 giant spiked club
              (18 damage)
             ... on level 5 of the Dungeon.
             The game lasted 00:41:29 (4098 turns).

Heatsaber the Magician (VSIE)                       Turns: 4098, Time: 00:41:30

Health: -7/36      AC:  5    Str: 13    XL:     7   Next: 46%
Magic:  0/15       EV: 12    Int: 16    God:
Gold:   308        SH:  0    Dex: 15    Spells: 6/16 levels left

rFire    . . .     SeeInvis .   j - +0 short sword (vamp)
rCold    . . .     Gourm    .   (no shield)
rNeg     . . .     Faith    .   q - +0 leather armour
rPois    .         Spirit   +   m - +1 helmet
rElec    .         Reflect  .   (no cloak)
rCorr    .         Harm     .   (no gloves)
MR       .....                  (no boots)
Stlth    ++........             y - amulet of the acrobat
HPRegen  0.52/turn              d - +2 ring of strength
MPRegen  0.14/turn              (no ring)

@: very slightly contaminated
A: fangs 2, regeneration 1, magic shield, antimagic bite, no potion heal 3, rot
immunity
a: no special abilities


You were on level 5 of the Dungeon.
You were not hungry.

You visited 1 branch of the dungeon, and saw 5 of its levels.

You collected 308 gold pieces.

Inventory:

Hand Weapons
 b - a +0 dagger
 i - a +2 flail of holy wrath
 j - a +0 vampiric short sword (weapon)
 l - a +0 dagger
 n - a cursed -2 hunting sling
 x - the +8 spear "Banisher" {freeze, rN+ Dex+4}
   (You found it on level 4 of the Dungeon)

   It has been specially enchanted to freeze those struck by it, causing extra
   injury to most foes and up to half again as much damage against particularly
   susceptible opponents.
   It can also slow down cold-blooded creatures.
   It affects your dexterity (+4).
   It protects you from negative energy.
Missiles
 t - 12 poisoned needles
Armour
 a - a +0 robe
 m - a +1 helmet (worn)
 q - a +0 leather armour (worn)
Jewellery
 d - a +2 ring of strength (left hand)
 y - an amulet of the acrobat (around neck)
Wands
 w - a wand of enslavement (12)
Scrolls
 e - 3 scrolls of identify
 f - 3 scrolls of enchant armour
 g - a scroll of teleportation
 s - a scroll of fog
 u - 2 scrolls of remove curse
Potions
 h - 2 potions of heal wounds {unknown}
 k - a potion of mutation {unknown}
 p - a potion of curing {unknown}
 r - 2 potions of lignification
 v - a potion of invisibility {unknown}
 A - a potion of agility {unknown}
 B - a potion of flight {unknown}
Comestibles
 c - 11 rations
 o - 3 chunks of flesh


   Skills:
 - Level 3.0 Fighting
 + Level 0.8 Short Blades
 - Level 1.5 Dodging
 - Level 2.4 Stealth
 + Level 5.1 Spellcasting
 - Level 1.0 Conjurations
 - Level 2.0 Charms
 - Level 3.0 Summonings
 - Level 4.0 Ice Magic


You had 6 spell levels left.
You knew the following spells:

 Your Spells              Type           Power        Failure   Level  Hunger
a - Freeze                Ice            ###.         3%          1    None
b - Throw Frost           Conj/Ice       ##....       11%         2    #......
c - Ozocubu's Armour      Chrm/Ice       ##......     17%         3    ###....
d - Summon Ice Beast      Ice/Summ       ###.....     41%         4    ####...

Your spell library contained the following spells:

 Spells                   Type           Power        Failure   Level  Hunger
 Throw Icicle             Conj/Ice       ##......     56%         4    ####...


Dungeon Overview and Level Annotations

Branches:
Dungeon (5/15)
 Temple: D:4-7

Altars:
Okawaru

Shops:
D:4 [

Annotations:
D:3 Grinder


Innate Abilities, Weirdness & Mutations

You have extremely sharp teeth.
Your natural rate of healing is unusually fast.
When hurt, damage is shared between your health and your magic reserves.
Your bite disrupts and absorbs the magic of your enemies.
Potions cannot restore your health.
You are immune to rotting.


Message History

Confirm with . or Enter, or press ? or * to list all spells.
Aiming: Freeze (safe; 3% risk of failure)
Press: ? - help, Shift-Dir - straight line, f/p - ogre
Aim: an ogre, wielding a giant spiked club (severely wounded)
You freeze the ogre.
The ogre is almost dead.
The ogre hits you with a giant spiked club!
* * * LOW HITPOINT WARNING * * *
Your icy armour cracks and falls away as you move.
Some of the chunks of flesh in your inventory have rotted away.
Found a scroll of identify.
Casting: Freeze (safe; 3% risk of failure)
Confirm with . or Enter, or press ? or * to list all spells.
Aiming: Throw Frost (safe; 11% risk of failure)
Press: ? - help, Shift-Dir - straight line, f/p - ogre
Aim: an ogre, wielding a giant spiked club (almost dead)
The puff of frost misses the ogre.
The ogre hits you with a giant spiked club!!
Ouch! That really hurt!
You die...

#........ #.
.#####..#+#.## +?
.)......#.#.# #.
.#####....#.# #.
........#.#.#
#####.##########.#.#
.................# #
#.....#####.#.#
#..@O.........#
#......###..#.#
##.###.# #....#.##
#.###.####.#..>...
########
#.#..........#.##.
.......#
#.#.#....#.#.#.#
..$....#
#.#....#.#.#.# #
.......###.####.#.#.#
# #..........#.#.#


You could see an ogre.

Vanquished Creatures
  Edmund (D:4)
  An ogre (D:4)
  A hound (D:5)
  A bullfrog skeleton (D:4)
  Jessica (D:3)
  Terence (D:2)
  An iguana (D:4)
  2 worker ants (D:4)
  A hound skeleton (D:4)
  Robin (D:2)
  A gnoll (D:1)
  7 adders
  2 oozes
  5 worms
  3 dart slugs
  2 leopard geckos
  11 orcs
  4 giant cockroaches
  11 hobgoblins
  8 jackals
  3 quokkas
  8 bats
  4 frilled lizards
  19 goblins
  7 kobolds
  7 rats
113 creatures vanquished.

Notes
Turn   | Place    | Note
-------+----------+-------------------------------------------
     0 | D:1      | Heatsaber the Vine Stalker Ice Elementalist began the quest
                  | for the Orb.
     0 | D:1      | Reached XP level 1. HP: 9/9 MP: 4/4
   312 | D:1      | Reached XP level 2. HP: 12/13 MP: 2/6
   443 | D:1      | Learned a level 2 spell: Throw Frost
   621 | D:1      | Reached skill level 3 in Spellcasting
   621 | D:1      | Reached XP level 3. HP: 14/16 MP: 0/8
   862 | D:1      | Learned a level 3 spell: Ozocubu's Armour
  1578 | D:2      | Reached skill level 1 in Fighting
  1629 | D:2      | Gained mutation: Your natural rate of healing is unusually
                  | fast. [Vine Stalker growth]
  1629 | D:2      | Reached XP level 4. HP: 22/22 MP: 2/9
  1901 | D:2      | Found an iron altar of Okawaru.
  1905 | D:2      | Noticed Robin
  2012 | D:2      | Killed Robin
  2197 | D:2      | Reached skill level 1 in Charms
  2478 | D:3      | Reached XP level 5. HP: 26/26 MP: 6/11
  2493 | D:3      | Noticed Terence
  2618 | D:2      | Killed Terence
  2689 | D:3      | Learned a level 4 spell: Summon Ice Beast
  2702 | D:3      | Noticed Jessica
  2723 | D:3      | Killed Jessica
  2804 | D:3      | Reached XP level 6. HP: 32/32 MP: 4/12
  2878 | D:3      | Reached skill level 4 in Spellcasting
  3044 | D:3      | Noticed Grinder
  3079 | D:3      | Paralysed by Grinder for 5 turns
  3244 | D:4      | Reached skill level 1 in Summonings
  3367 | D:4      | Got a transparent spear
  3582 | D:4      | Found Bolaahug's Armour Boutique.
  3625 | D:4      | Noticed Edmund
  3698 | D:4      | Killed Edmund
  3698 | D:4      | Reached skill level 5 in Spellcasting
  3698 | D:4      | Reached XP level 7. HP: 21/36 MP: 6/15
  3936 | D:4      | Identified the +8 spear "Banisher" {freeze, rN+ Dex+4} (You
                  | found it on level 4 of the Dungeon)
  4026 | D:5      | Entered Level 5 of the Dungeon
  4098 | D:5      | Mangled by an ogre

Skill      XL: |  1  2  3  4  5  6  7 |
---------------+----------------------+-----
Spellcasting   | 3 5 |  5.1
Ice Magic      | 4 |  4.0
Fighting       | 1 2 3 |  3.0
Charms         | 1 2 |  2.0
Summonings     | 2 3 |  3.0
Short Blades   | |  0.8
Dodging        | |  1.5
Stealth        | |  2.4
Conjurations   | |  1.0

Action                   |  1- 3 |  4- 6 |  7- 9 || total
-------------------------+-------+-------+-------++-------
Melee: Dagger            |    22 |     3 |       ||    25
       Bite              |     5 |    64 |    13 ||    82
       Short sword       |       |   239 |    35 ||   274
 Cast: Freeze            |    34 |    44 |    14 ||    92
       Throw Frost       |    23 |    42 |     4 ||    69
       Ozocubu's Armour  |       |     5 |     1 ||     6
  Use: Scroll            |       |     8 |     3 ||    11
 Stab: Sleeping          |     1 |       |       ||     1
  Eat: Chunk             |     4 |     7 |     1 ||    12
       Ration            |       |     2 |       ||     2
Armor: Robe              |     9 |    29 |       ||    38
       Leather armour    |       |    38 |    12 ||    50
Dodge: Dodged            |    23 |   187 |    31 ||   241
